 Dungeon Crawl Stone Soup version 0.27.1-16-g815e20cd7a (webtiles) character file.

Game seed: 2096779223266285744

82 pkoi the Insei (level 4, -7/38 HPs)
             Began as a Draconian Monk on Nov 23, 2021.
             Was a Believer of Makhleb.
             Mangled by a kobold brigand (9 damage)
             ... on level 3 of the Dungeon on Nov 24, 2021.
             The game lasted 00:02:39 (2961 turns).

pkoi the Insei (Draconian Monk)                     Turns: 2961, Time: 00:02:40

Health: -7/38      AC:  5    Str: 13    XL:     4   Next: 21%
Magic:  4/4        EV: 13    Int: 11    God:    Makhleb [**....]
Gold:   145        SH:  0    Dex: 14    Spells: 2/4 levels left

rFire    . . .     SeeInvis .   k - +2 dagger (venom)
rCold    . . .     Faith    .   (no shield)
rNeg     . . .     Spirit   .   (armour unavailable)
rPois    .         Reflect  .   (helmet restricted)
rElec    .         Harm     .   (no cloak)
rCorr    +         Rampage  .   (no gloves)
Will     .....                  (no boots)
Stlth    ++........             (no amulet)
HPRegen  0.12/turn              c - ring of resist corrosion
MPRegen  0.09/turn              (no ring)

@: slowed, very slow
A: AC +5, unfitting armour, cold-blooded
a: Renounce Religion, Minor Destruction


You were on level 3 of the Dungeon.
You worshipped Makhleb.
Makhleb was pleased with you.
You visited 1 branch of the dungeon, and saw 3 of its levels.

You collected 145 gold pieces.

Inventory:

Hand Weapons
 k - a +2 dagger of venom (weapon)
Missiles
 a - 6 javelins (quivered)
Jewellery
 c - a ring of resist corrosion (left hand)
Scrolls
 d - a scroll of brand weapon {unknown}
 f - 3 scrolls of identify {unknown}
 h - a scroll of enchant armour {unknown}
 i - a scroll of noise {unknown}
Potions
 b - a potion of curing {unknown}
 e - a potion of degeneration {unknown}
 g - a potion of attraction {unknown}
 j - a potion of brilliance {unknown}


   Skills:
 + Level 3.4 Fighting
 + Level 2.9 Dodging
 - Level 1.7 Stealth
 * Level 4.5 Unarmed Combat
 + Level 0.5 Spellcasting
 + Level 0.5 Transmutations
 + Level 0.4 Earth Magic
 + Level 0.0 Invocations


You had 2 spell levels left.
You knew the following spells:

 Your Spells              Type           Power      Damage    Failure   Level
a - Passwall              Tmut/Erth      0%         N/A       38%         2

Your spell library contained the following spells:

 Spells                   Type           Power      Damage    Failure   Level
 Ozocubu's Armour         Ice            0%         N/A       71%         3
 Swiftness                Air            0%         N/A       71%         3
 Invisibility             Hex            0%         N/A       100%        6
 Ozocubu's Refrigeration  Ice            0%         4d5       100%        7


Dungeon Overview and Level Annotations

Branches:
Dungeon (3/15)

Altars:
Makhleb
Vehumet

Annotations:
D:3 exclusion: statue


Innate Abilities, Weirdness & Mutations

Your plain brown scales are hard. (AC +5)
You cannot fit into any form of body armour.
You are cold-blooded and may be slowed by cold attacks.


Message History

The jackal bites you but does no damage.
The jackal barely misses you. The endoplasm freezes you.
You are frozen.
* * * LOW HITPOINT WARNING * * *
You feel as though you will be slow longer.
You hit the jackal.
You kill the jackal!
Makhleb accepts your kill.
You feel better.
The jackal bites you but does no damage.
The kobold brigand throws a curare-tipped dart.
The curare-tipped dart closely misses you.
The endoplasm freezes you.
You are frozen.
* * * LOW HITPOINT WARNING * * *
The jackal bites you but does no damage.
You barely miss the kobold brigand. You tail-slap the kobold brigand.
The kobold brigand is lightly wounded.
You kill the endoplasm!
Makhleb accepts your kill.
You feel better. The jackal bites you.
* * * LOW HITPOINT WARNING * * *
The kobold brigand hits you with a +0 short sword!
* * * LOW HITPOINT WARNING * * *
The jackal closely misses you. The kobold brigand barely misses you.
You hit the kobold brigand.
The kobold brigand is lightly wounded.
The jackal closely misses you. The jackal barely misses you.
The kobold brigand hits you with a +0 short sword.
* * * LOW HITPOINT WARNING * * *
The jackal misses you.
Unknown command.
You barely miss the kobold brigand.
The kobold brigand is lightly wounded.
The jackal closely misses you. The kobold brigand barely misses you.
A goblin comes into view. It is wielding a +0 club.
The jackal closely misses you.
The kobold brigand hits you with a +0 short sword!
You die...

## #+# ######### #.# #)
#.# #. #.# #. #.# #.
############ #.# #.
...........# #.# #.
...........# #.# #####.
.......h..♣♣♣♣'♣♣♣♣.....
......K@..'.......+.###.
.g..######♣.≈...≈.♣.....
....######♣.≈._.≈§♣####.
.........♣.≈...≈§♣.....
.......#.+.....§.+.###.
.......##♣♣♣♣'♣♣♣♣...#)
...>... #.# #....#.
J...... #.# #....#.
##..... #.###......


You could see a kobold brigand, a jackal and a goblin (wandering).

Vanquished Creatures
  2 adders
  A worm (D:2)
  2 dart slugs
  4 bats
  4 endoplasms
  2 giant cockroaches
  6 goblins
  8 jackals
  6 kobolds
  4 quokkas
  A ball python (D:2)
  6 frilled lizards
  7 rats
53 creatures vanquished.

Notes
Turn   | Place    | Note
-------+----------+-------------------------------------------
     0 | D:1      | pkoi the Draconian Monk began the quest for the Orb.
     0 | D:1      | Reached XP level 1. HP: 19/19 MP: 1/1
   108 | D:1      | Reached XP level 2. HP: 19/26 MP: 2/2
   461 | D:1      | Found a faded altar of an unknown god.
   544 | D:1      | Reached skill level 4 in Unarmed Combat
  1132 | D:2      | Reached XP level 3. HP: 31/31 MP: 3/3
  1175 | D:2      | Learned a level 2 spell: Passwall
  2564 | D:3      | Reached XP level 4. HP: 35/38 MP: 4/4
  2675 | D:3      | Found a radiant altar of Vehumet.
  2675 | D:3      | Noticed a charred statue
  2717 | D:3      | Found a burning altar of Makhleb.
  2726 | D:3      | Noticed a kobold brigand
  2934 | D:3      | Became a worshipper of Makhleb the Destroyer
  2934 | D:3      | Reached * piety under Makhleb
  2934 | D:3      | Reached ** piety under Makhleb
  2961 | D:3      | Mangled by a kobold brigand

Illustrated notes

Levels and vault maps discovered:
D:1:      elethiomel_arrival_diamonds, layout_basic,
          dreamdust_ecumenical_altar_statues, grunt_decor_fettered, minivault_5,
          minivault_19, minivault_27
D:2:      layout_basic, grunt_ministairs_9, lemuel_old_faithful
D:3:      layout_basic, vehumet_statue, mainiacjoe_overflow_six_doors_small,
          grunt_ministairs_15

Skill      XL: |  1  2 |
---------------+-------+-----
Unarmed Combat | 4 |  4.5
Fighting       | |  3.4
Dodging        | |  2.9
Stealth        | |  1.7
Spellcasting   | |  0.5
Transmutations | |  0.5
Earth Magic    | |  0.4

Action                   |  1- 3 |  4- 6 || total
-------------------------+-------+-------++-------
Melee: Unarmed           |   158 |       ||   158
       Tailslap          |    23 |     2 ||    25
       Punch             |     4 |       ||     4
       Dagger            |    11 |    19 ||    30
 Stab: Sleeping          |     7 |       ||     7
Armor: Skin              |    44 |    13 ||    57
Dodge: Dodged            |    96 |    31 ||   127
